 Dungeon Crawl Stone Soup version 0.22-b1-26-g9dbaab1 (webtiles) character file.

291 Lilu the Destroyer (level 6, -9/32 HPs)
             Began as a Deep Elf Conjurer on Aug 8, 2018.
             Mangled by Blork the orc
             ... wielding a +6 halberd of venom
              (13 damage)
             ... on level 4 of the Dungeon.
             The game lasted 00:11:01 (3708 turns).

Lilu the Destroyer (Deep Elf Conjurer)              Turns: 3708, Time: 00:11:02

Health: -9/32      AC:  3    Str:  7    XL:     6   Next: 10%
Magic:  4/12       EV: 13    Int: 20    God:
Gold:   117        SH:  0    Dex: 15    Spells: 4/11 levels left

rFire    . . .     SeeInvis .   l - -1 dagger (curse)
rCold    + + .     Gourm    .   (no shield)
rNeg     . . .     Faith    .   p - +0 robe {rC+}
rPois    .         Spirit   .   (no helmet)
rElec    .         Reflect  .   (no cloak)
rCorr    .         Harm     .   m - +0 pair of gloves
MR       .....                  (no boots)
Stlth    ++........             (no amulet)
HPRegen  0.10/turn              o - ring of protection from fire
MPRegen  0.13/turn              k - ring of ice

@: lethally poisoned (-9 -> -28)
A: no striking features
a: no special abilities


You were on level 4 of the Dungeon.
You were not hungry.

You visited 1 branch of the dungeon, and saw 4 of its levels.

You collected 117 gold pieces.

Inventory:

Hand Weapons
 d - a +0 dagger
 l - a cursed -1 dagger (weapon)
Armour
 a - a +0 robe
 m - a +0 pair of gloves (worn)
 p - a +0 robe of cold resistance (worn)
Jewellery
 k - a ring of ice (right hand)
 o - a ring of protection from fire (left hand)
Scrolls
 b - 2 scrolls of remove curse
 h - 5 scrolls of fog
Potions
 e - a potion of heal wounds {unknown}
 f - 3 potions of flight
 i - a potion of lignification {unknown}
 j - 2 potions of invisibility {unknown}
 n - a potion of curing {unknown}
 q - a potion of resistance {unknown}
Comestibles
 c - 6 rations
 g - a chunk of flesh


   Skills:
 - Level 2.4 Dodging
 - Level 2.4 Stealth
 - Level 3.0 Spellcasting
 + Level 8.1 Conjurations


You had 4 spell levels left.
You knew the following spells:

 Your Spells              Type           Power        Failure   Level  Hunger
a - Magic Dart            Conj           ####         1%          1    None
b - Searing Ray           Conj           #####.       1%          2    ##.....
c - Iskenderun's Mystic   Conj           #####...     4%          4    ####...

Your spell library contained the following spells:

 Spells                   Type           Power        Failure   Level  Hunger
 Fulminant Prism          Conj/Hex       ###.......   26%         4    ####...
 Dazzling Spray           Conj/Hex       ###...       8%          3    ###....
 Force Lance              Conj/Tloc      ###.....     26%         4    ####...


Dungeon Overview and Level Annotations

Branches:
Dungeon (4/15)
 Temple: D:4-7

Altars:
Uskayaw

Annotations:
D:4 Blork the orc


Message History

The jackal closely misses you.
The jackal bites you but does no damage.
Casting: Searing Ray (safe; 1% risk of failure)
Confirm with . or Enter, or press ? or * to list all spells.
Aiming: Searing Ray (safe; 1% risk of failure)
Press: ? - help, Shift-Dir - straight line, f - jackal
Aim: a jackal The searing ray hits the jackal.
You kill the jackal! (Press . to maintain the ray.) Blork the orc barely misses you.
The searing ray hits Blork the orc.
Blork the orc is severely wounded.
Blork the orc hits you from afar with a halberd of venom!
You are lethally poisoned!
The searing ray misses Blork the orc.
You feel sick.
Blork the orc hits you from afar with a halberd of venom!
* * * LOW HITPOINT WARNING * * *
Blork the orc hits you from afar with a halberd of venom!
You die...

###.#........§..#..###
##...#.<.......>.#.....
#..#...#...........###...
..##..###..............Z.
.##.......# #..#######...
......##### #..§# #.#
.......(# #.#§§§.#...#
..÷.....# ##.####...###
......o.####..o†@.......
........#..).######.###.
...##.....#### . ..##...####
.## .....#).# ..#
......#.##############.######
.......([....................
.......................######
..###.################..######


You could see Blork the orc.

Vanquished Creatures
  A scorpion (D:4)
  An orc wizard (D:3)
  An iguana (D:4)
  A worker ant (D:4)
  3 gnolls
  6 adders
  2 worms
  2 dart slugs
  A leopard gecko (D:1)
  6 orcs
  3 ball pythons
  2 giant cockroaches (D:1)
  8 goblins
  6 hobgoblins
  2 jackals (D:4)
  8 kobolds
  3 quokkas
  6 bats
  3 frilled lizards
  11 rats
76 creatures vanquished.

Notes
Turn   | Place    | Note
-------+----------+-------------------------------------------
     0 | D:1      | Lilu the Deep Elf Conjurer began the quest for the Orb.
     0 | D:1      | Reached XP level 1. HP: 10/10 MP: 6/6
   325 | D:1      | Reached XP level 2. HP: 15/15 MP: 6/8
   420 | D:1      | Reached skill level 5 in Conjurations
   820 | D:1      | Reached XP level 3. HP: 19/19 MP: 3/9
   834 | D:1      | Learned a level 2 spell: Searing Ray
  1266 | D:2      | Reached skill level 6 in Conjurations
  1563 | D:2      | Reached XP level 4. HP: 24/24 MP: 1/10
  1587 | D:2      | Learned a level 4 spell: Iskenderun's Mystic Blast
  1702 | D:2      | Found a hide-covered altar of Uskayaw.
  2778 | D:3      | Reached skill level 7 in Conjurations
  2973 | D:3      | Reached XP level 5. HP: 28/28 MP: 6/11
  3616 | D:4      | Reached skill level 8 in Conjurations
  3616 | D:4      | Reached XP level 6. HP: 32/32 MP: 7/12
  3681 | D:4      | Noticed Blork the orc
  3708 | D:4      | Mangled by Blork the orc

Skill      XL: |  1  2  3  4  5 |
---------------+----------------+-----
Conjurations   | 5 6 7 8 |  8.1
Dodging        | |  2.4
Stealth        | |  2.4
Spellcasting   | |  3.0

Action                   |  1- 3 |  4- 6 || total
-------------------------+-------+-------++-------
Melee: Dagger            |       |    24 ||    24
 Cast: Magic Dart        |    84 |    27 ||   111
       Searing Ray       |       |    17 ||    17
  Use: Scroll            |       |     4 ||     4
 Stab: Sleeping          |       |     1 ||     1
  Eat: Chunk             |     2 |     7 ||     9
Armor: Robe              |     2 |    10 ||    12
Dodge: Dodged            |     4 |    40 ||    44
